Match 45824805
Unlisted

Match 45824805
End
Pioneer Squad
Construct Infanterie Kompanie
Selects Mechanized Battlegroup
Grenadier Squad
Grenadier Squad
Grenadier Squad
Infanterie Officer Quarters
MG 42 Machine Gun Team
Medical Station
Construct Panzergrenadier Kompanie
Selects Raid Package
Selects StuG Assault Group
StuG Assault Group
Construct Panzer Kompanie
Construct Panzer Kompanie
Selects UNKNOWN (2160084)
Selects Spotting Scopes
Stoßtruppen Squad
Panther Heavy Tank
Selects Wespe Self-propelled Artillery
Wespe Self-propelled Artillery
Pioneer Squad
Pioneer Squad
Medical Bunker
✠Kaiser✠ tushkan
✠Kaiser✠ PERVITIN
JEFG
Seocheon
0
0

Comments sign in to comment!

No comments posted yet!